 Dungeon Crawl Stone Soup version 0.19.5 (webtiles) character file.

15 greprep the Sneak (level 2, 0/13 HPs)
             Began as a Spriggan Enchanter on May 15, 2017.
             Succumbed to an adder's poison
             ... on level 2 of the Dungeon.
             The game lasted 00:01:39 (726 turns).

greprep the Sneak (Spriggan Enchanter)               Turns: 726, Time: 00:01:40

Health: 0/13       AC:  3    Str:  4    XL:     2   Next: 34%
Magic:  2/6        EV: 18    Int: 16    God:
Gold:   34         SH:  0    Dex: 16    Spells: 2 memorised, 3 levels left

rFire  . . .     SeeInvis +     a - +1 dagger
rCold  . . .     Gourm    .     b - +1 robe
rNeg   . . .     Faith    .     (shield restricted)
rPois  .         Spirit   .     (helmet restricted)
rElec  .         Reflect  .     (no cloak)
rCorr  .         Harm     .     (gloves unavailable)
MR     .....                    (boots unavailable)
Stlth  +++.......               (no amulet)
                                (no ring)
                                (no ring)

@: lethally poisoned (0 -> -8), very quick
A: unfitting armour, see invisible, herbivore 3, speed 3, slow metabolism 2
a: no special abilities


You were on level 2 of the Dungeon.
You were not hungry.

You visited 1 branch of the dungeon, and saw 2 of its levels.

You collected 34 gold pieces.

Inventory:

Hand Weapons
 a - a +1 dagger (weapon)
Armour
 b - a +1 robe (worn)
Scrolls
 f - 2 scrolls of identify {unknown}
 h - a scroll of blinking {unknown}
 i - a scroll of magic mapping {unknown}
Potions
 e - a potion of agility {unknown}
 g - a potion of curing {unknown}
 j - a potion of flight {unknown}
Books
 c - a book of Maledictions

   Spells                             Type                      Level
   a - Corona                         Hexes                        1
   b - Ensorcelled Hibernation        Hexes/Ice                    2
   c - Confuse                        Hexes                        3
   d - Tukima's Dance                 Hexes                        3
   e - Dazzling Spray                 Conjuration/Hexes            3
Comestibles
 d - a bread ration


   Skills:
 * Level 0.1 Fighting
 * Level 1.4 Short Blades
 * Level 3.1 Dodging
 * Level 4.7 Stealth
 + Level 2.9 Spellcasting
 + Level 3.9 Hexes


You had 3 spell levels left.
You knew the following spells:

 Your Spells              Type           Power        Failure   Level  Hunger
a - Corona                Hex            ##.....      4%          1    #......
b - Ensorcelled Hibernat  Hex/Ice        #.....       14%         2    ##.....


Dungeon Overview and Level Annotations

Branches:
Dungeon (2/15)

Altars:


Innate Abilities, Weirdness & Mutations

You are very small and have problems with some larger weapons.
You are too small for most types of armour.
You have supernaturally acute eyesight. (SInv)
You are a herbivore.
You cover ground extremely quickly.
You need consume almost no food.


Message History

The adder completely misses you.
Casting: Ensorcelled Hibernation
Confirm with . or Enter, or press ? or * to list all spells.
Aiming: Ensorcelled Hibernation
Press: ? - help, Shift-Dir - straight line, f - adder
Aim: an adder (moderately wounded, chance to defeat MR: 49%)
The adder resists with some effort.
The adder closely misses you.
You hit the adder.
The adder is moderately wounded.
The adder bites you.
You are lethally poisoned!
The adder poisons you! The adder bites you.
* * * LOW HITPOINT WARNING * * *
Casting: Ensorcelled Hibernation
Confirm with . or Enter, or press ? or * to list all spells.
Aiming: Ensorcelled Hibernation
Press: ? - help, Shift-Dir - straight line, f/p - adder
Aim: an adder (moderately wounded, chance to defeat MR: 49%)
The adder resists with some effort.
You die...

. . ....# #.#.
#.#.#
##.#.##.#.#####
.............#
#..#.##.###.#
#. ##.#.##.#
#.# #.#.......#
#.# #....>.####
#.# #...S@##
#.# #.....# #.#
#.....#
####.####
#.....#
#...>...#
#######
#.##.##.#
#######
#.##.##.#
#<....#
#.#..##.#
#.###.#
#.#.###.#
#.###.##
#.......#


You could see an adder.

Vanquished Creatures
  A dart slug (D:1)
  A leopard gecko (D:2)
  2 giant cockroaches (D:1)
  A goblin (D:1)
  A hobgoblin (D:1)
  A ball python (D:1)
  A frilled lizard (D:1)
  3 kobolds (D:1)
  2 rats (D:1)
13 creatures vanquished.

Notes
Turn   | Place    | Note
-------+----------+-------------------------------------------
     0 | D:1      | greprep the Spriggan Enchanter began the quest for the Orb.
     0 | D:1      | Reached XP level 1. HP: 9/9 MP: 5/5
   258 | D:1      | Reached XP level 2. HP: 13/13 MP: 6/6
   262 | D:1      | Learned a level 2 spell: Ensorcelled Hibernation
   726 | D:2      | Succumbed to an adder's poison

Action                   || total
-------------------------++-------
Melee: Dagger            ||    36
 Cast: Ensorcelled Hiber ||     4
 Stab: Sleeping          ||     5
Armor: Robe              ||     1
Dodge: Dodged            ||    21
